 Dungeon Crawl Stone Soup version 0.30-b1-2-g02819fbbbe (webtiles) character file.

Game seed: 592870263539935186

632 Borgoz the Cudgeller (level 7, -2/44 HPs)
             Began as a Gargoyle Berserker on June 22, 2023.
             Was a Priest of Trog.
             Slain by a black bear (3 damage)
             ... on level 4 of the Dungeon.
             The game lasted 00:05:12 (2722 turns).

Borgoz the Cudgeller (Gargoyle Berserker)           Turns: 2722, Time: 00:05:12

Health: -2/44      AC: 15    Str: 20    XL:     7   Next: 49%
Magic:  7/7        EV:  9    Int:  8    God:    Trog [***...]
Gold:   233        SH:  0    Dex: 11    Spells: 6/6 levels left

rFire   . . .        a - +4 mace
rCold   . . .        (no shield)
rNeg    + . .        m - +0 chain mail
rPois   ∞            (no helmet)
rElec   +            n - +0 cloak
rCorr   .            (no gloves)
SInv    .            (no boots)
Will    ++...        (no amulet) Stlth
                     (no ring)
HPRegen 1.27/turn    (no ring)
MPRegen 0.10/turn

%: no passive effects
@: strong-willed, on berserk cooldown, regenerating, slowed, very slow
A: sickness immunity, AC +4, negative energy resistance 1, electricity
resistance, torment resistance 1, petrification resistance
a: Renounce Religion, Berserk, Trog's Hand


You were on level 4 of the Dungeon.
You worshipped Trog.
Trog was most pleased with you.
You visited 1 branch of the dungeon, and saw 4 of its levels.

You collected 233 gold pieces.

Inventory:

Hand Weapons
 a - a +4 mace (weapon)
 b - the +8 mace of the Jolly Violins {heavy, SInv}
   (You found it on level 2 of the Dungeon)

   SInv:      It lets you see invisible.
Missiles
 c - 3 poisoned darts (quivered)
Armour
 m - a +0 chain mail (worn)
 n - a +0 cloak (worn)
Jewellery
 k - a ring of flight
Wands
 l - a wand of mindburst (22)
 p - a wand of acid (11)
Scrolls
 f - 2 scrolls of fog
 g - a scroll of vulnerability
Potions
 d - 2 potions of might
 e - 2 potions of haste {unknown}
 h - a potion of lignification {unknown}
 i - a potion of magic {unknown}
 j - 2 potions of heal wounds
 o - 2 potions of degeneration {unknown}
 q - 2 potions of curing {unknown}
 s - a potion of brilliance {unknown}
 u - a potion of flight {unknown}


   Skills:
 + Level 5.0 Fighting
 * Level 5.8 Maces & Flails
 + Level 4.3 Armour
 + Level 3.2 Dodging


You had 6 spell levels left.
You didn't know any spells.
Your spell library was empty.

Dungeon Overview and Level Annotations

Branches:
Dungeon (4/15)
 Temple: D:4-7

Altars:

Shops:
D:1 ?

Portals:
Ossuary: D:4


Innate Abilities, Weirdness & Mutations

You are immune to sickness and miasma.
Your stone body is resilient. (AC +4)
You are immune to poison.
You resist negative energy. (rN+)
You are resistant to electric shocks. (rElec)
You are resistant to unholy torment.
You are immune to petrification.


Message History

The black bear growls angrily.
You see here an iguana corpse.
Your skin crawls.
You feel strong-willed.
You sock the black bear!
The black bear is moderately wounded.
The black bear bites you!
The black bear claws you but does no damage. x2
The black bear bites you but does no damage.
The black bear barely misses you.
The black bear claws you but does no damage.
You sock the black bear!
The black bear is severely wounded.
The black bear goes berserk!
The black bear bites you but does no damage.
The black bear closely misses you. The black bear claws you.
You hit the black bear.
The black bear is almost dead.
You hear the hiss of an avalanche of sand.
The black bear bites you. The black bear misses you.
The black bear closely misses you. The black bear barely misses you.
The black bear claws you.
The black bear claws you but does no damage.
You completely miss the black bear.
The black bear is almost dead.
The black bear bites you but does no damage.
The black bear claws you but does no damage. x2
The black bear bites you. The black bear closely misses you. x2
The black bear bites you. The black bear closely misses you.
The black bear barely misses you.
You sock the black bear!
The black bear is almost dead.
The black bear bites you!
* * * LOW HITPOINT WARNING * * *
The black bear closely misses you.
The black bear claws you but does no damage.
The black bear bites you!
* * * LOW HITPOINT WARNING * * *
The black bear claws you.
You die...

##....................
...........).......##.
#................###
#..>......###..####.
#..).......##...# #.
#..)...###......# ##
######†...##......####.
#.........###.......#..
##...h@................
......8.................
##............##....<.#.
#...8.∩.8.....###.....##
#.............# #######
......8........
..#..###....... ..###
#..#...


You could see a black bear (berserk).

Vanquished Creatures
  The ghost of Discosetron the Grasshopper, an amateur BaWr (D:3)
  An ogre (D:4)
  A scorpion (D:4)
  A jelly (D:4)
  Crazy Yiuf (D:2)
  An orc priest (D:3)
  2 iguanas (D:4)
  Ijyb (D:2)
  Natasha (D:4)
  2 adders
  4 gnolls (D:3)
  A dart slug (D:3)
  18 orcs
  5 bats
  6 endoplasms
  3 giant cockroaches
  16 goblins
  3 hobgoblins
  7 jackals
  5 kobolds
  2 quokkas (D:1)
  8 ball pythons
  3 frilled lizards
  5 rats
98 creatures vanquished.

Vanquished Creatures (others)
  3 plants (D:4)
3 creatures vanquished.

Grand Total: 101 creatures vanquished

Notes
Turn   | Place    | Note
-------+----------+-------------------------------------------
     0 | D:1      | Borgoz the Gargoyle Berserker began the quest for the Orb.
     0 | D:1      | Reached XP level 1. HP: 14/14 MP: 1/1
   102 | D:1      | Reached XP level 2. HP: 16/19 MP: 2/2
   515 | D:1      | Found Wegy's Magic Scroll Shoppe.
   961 | D:1      | Reached XP level 3. HP: 23/23 MP: 3/3
  1359 | D:2      | Noticed Ijyb
  1369 | D:2      | Killed Ijyb
  1371 | D:2      | Reached XP level 4. HP: 29/29 MP: 4/4
  1374 | D:2      | Reached ** piety under Trog
  1388 | D:2      | Identified the +8 mace of the Jolly Violins {heavy, SInv}
  1420 | D:2      | Found a runed translucent door.
  1421 | D:2      | Noticed Crazy Yiuf
  1821 | D:2      | Killed Crazy Yiuf
  1893 | D:3      | Found a runed translucent door.
  1893 | D:3      | Noticed Discosetron's ghost (amateur BaWr)
  1973 | D:3      | Reached XP level 5. HP: 32/33 MP: 5/5
  2086 | D:3      | Found a faded altar of an unknown god.
  2317 | D:3      | Killed Discosetron's ghost
  2318 | D:3      | Reached skill level 5 in Maces & Flails
  2318 | D:3      | Reached XP level 6. HP: 39/39 MP: 6/6
  2479 | D:4      | Noticed Natasha
  2486 | D:4      | Killed Natasha
  2487 | D:4      | Reached XP level 7. HP: 29/44 MP: 7/7
  2625 | D:4      | Reached *** piety under Trog
  2683 | D:4      | Found a sand-covered staircase.
  2702 | D:4      | Reached skill level 5 in Fighting
  2722 | D:4      | HP: 1/44 [black bear (8)]
  2722 | D:4      | Slain by a black bear

Illustrated notes

Levels and vault maps discovered:
D:1:      tarquinn_simple_flora_water_d, layout_basic, serial_shops,
          nicolae_shop_real_fake_doors, minmay_tromino_v7
D:2:      kennysheep_the_goblin_king, layout_loops_cross,
          chequers_serial_rivers_small_b, minmay_tree_intersection,
          uniq_crazy_yiuf_cottage
D:3:      layout_rooms, basic_ecumenical_altar, hellmonk_ghost_happy_afterlife,
          kennysheep_generic_room_16
D:4:      corexii_shack_village, layout_cave_pools, trog_antimagical,
          nicolae_ossuary_entry_monument, cheibrodos_gnoll_hut, uniq_natasha,
          uniq_grinder, uniq_sigmund

Skill      XL: |  1  2  3  4  5  6  7 |
---------------+----------------------+-----
Dodging        | 2 3 |  3.2
Maces & Flails | 4 5 |  5.8
Armour         | 3 4 |  4.3
Fighting       | 4 5 |  5.0

Action                     |  1- 3 |  4- 6 |  7- 9 || total
---------------------------+-------+-------+-------++-------
  Melee: Mace              |    79 |    92 |    65 ||   236
 Invoke: Berserk           |     2 |     2 |     2 ||     6
         Trog's Hand       |       |     1 |     1 ||     2
    Use: Scroll            |       |     6 |     1 ||     7
 Armour: Animal skin       |    33 |       |       ||    33
         Chain mail        |    13 |   111 |    55 ||   179
  Dodge: Dodged            |    74 |    69 |    45 ||   188
